 Dungeon Crawl Stone Soup version 0.29.0-15-g675c0067aa (webtiles) character file.

Game seed: 6277369963340851331

2 qw the Sneak (level 1, -9/14 HPs)
             Began as a Gargoyle Delver on Sept 11, 2022.
             Mangled by Prince Ribbit (14 damage)
             ... on level 5 of the Dungeon.
             The game lasted 00:00:04 (101 turns).

qw the Sneak (Gargoyle Delver)                       Turns: 101, Time: 00:00:04

Health: -9/14      AC:  5    Str: 15    XL:     1   Next: 40%
Magic:  1/1        EV: 11    Int: 10    God:
Gold:   0          SH:  0    Dex: 11    Spells: 0/0 levels left

rFire   . . .      SeeInvis .   a - +0 hand axe
rCold   . . .      Faith    .   (no shield)
rNeg    + . .      Spirit   .   b - +0 leather armour
rPois   inf        Reflect  .   (no helmet)
rElec   +          Harm     .   (no cloak)
rCorr   .          Rampage  .   (no gloves)
Will    .....                   (no boots)
Stlth   +++.......              (no amulet)
HPRegen 0.04/turn               (no ring)
MPRegen 0.07/turn               (no ring)

@: no status effects
A: sickness immunity, AC +2, negative energy resistance 1, electricity
resistance, torment resistance 1, petrification resistance
a: no special abilities


You were on level 5 of the Dungeon.
You visited 1 branch of the dungeon, and saw 1 of its levels.


Innate Abilities, Weirdness & Mutations

You are immune to sickness and miasma.
Your stone body is resilient. (AC +2)
You are immune to poison.
You resist negative energy. (rN+)
You are resistant to electric shocks. (rElec)
You are resistant to unholy torment.
You are immune to petrification.


   Skills:
 - Level 3.2 Fighting
 + Level 2.0 Axes
 - Level 1.5 Dodging
 - Level 5.4 Stealth


You couldn't memorise any spells.
You didn't know any spells.
Your spell library was empty.

Inventory:

Hand Weapons
 a - a +0 hand axe (weapon)
Armour
 b - a +0 leather armour (worn)
Wands
 g - a wand of digging (3)
Scrolls
 c - a scroll of fog
 d - a scroll of magic mapping
 e - a scroll of fear
Potions
 f - a potion of haste

Dungeon Overview and Level Annotations

Branches:
Dungeon (5/15)
 Temple: D:4-7

Altars:

Annotations:
D:5 Prince Ribbit


Message History

Press ? for a list of commands and other information.
Found an escape hatch in the ceiling.
Found a stone staircase leading down.
Assign waypoint to what number? (0-9) Waypoint 2 assigned to D:5.
Enter note:
0 ||| PLANNING D:1-11
Found a scroll of fear.
A dart slug comes into view.
23 ||| Stepping ~*~*~tactically~*~*~ (stealth).
25 ||| Stepping ~*~*~tactically~*~*~ (stealth).
A dart slug is nearby!
You slash the dart slug!
The dart slug is severely wounded.
The dart slug launches a dart at you. The slug dart misses you.
You hit the dart slug.
The dart slug is almost dead.
The dart slug closely misses you.
You hit the dart slug.
You kill the dart slug!
Your Axes skill increases to level 2!
Found a sling.
You see here a +0 sling.
You see here the +8 dagger "Testudinebane" {drain, Fly rC+}.
Enter note: Prince Ribbit comes into view.
Prince Ribbit gives a loud, deep croak!
Prince Ribbit blinks!
Prince Ribbit croaks regally.
Prince Ribbit blinks!
Prince Ribbit blinks!
Prince Ribbit says, "You're just another fly to me."
Prince Ribbit blinks!
Prince Ribbit hits you!
Ouch! That really hurt!
You see here the +8 dagger "Testudinebane" {drain, Fly rC+}.
You miss Prince Ribbit. Prince Ribbit hits you!
Ouch! That really hurt!
You die...

#######.# #.# ####.#
#....# #.##.# #######
#.#### #.....# #.###
#.###.# #...# #F# #.#
###.#.# #@# #.#####
#.#.# #.# #...#.#
#.#.### # #.# ###.#.#
#.#...# #.#.# #...#
#.#.#.# #...# ###.####
#.#.#.# ##### #....#
#.#%#.# ####.#
#.....################.#
#.#...........)........#


You could see Prince Ribbit.

Vanquished Creatures
  A dart slug (D:5)
1 creature vanquished.

Notes
Turn   | Place    | Note
-------+----------+-------------------------------------------
     0 | D:5      | qw the Gargoyle Delver began the quest for the Orb.
     0 | D:5      | Reached XP level 1. HP: 14/14 MP: 1/1
     0 | D:5      | 0 ||| qw: Version: 0.1-a-118-gb4e7ce6
     0 | D:5      | 0 ||| qw: Game counter: 10285
     0 | D:5      | 0 ||| qw: Always use a shield: true
     0 | D:5      | 0 ||| qw: God list: Okawaru
     0 | D:5      | 0 ||| qw: Allow faded altars: false
     0 | D:5      | 0 ||| qw: Do Orc after D:15 true
     0 | D:5      | 0 ||| qw: Do second Lair branch before Depths: true
     0 | D:5      | 0 ||| qw: Lair rune preference: random
     0 | D:5      | 0 ||| qw: Plans: Normal
     0 | D:5      | 0 ||| PLANNING D:1-11
    23 | D:5      | 23 ||| Stepping ~*~*~tactically~*~*~ (stealth).
    25 | D:5      | 25 ||| Stepping ~*~*~tactically~*~*~ (stealth).
    82 | D:5      | Identified the +8 dagger "Testudinebane" {drain, Fly rC+}
    86 | D:5      | Noticed Prince Ribbit
   101 | D:5      | Mangled by Prince Ribbit

Levels and vault maps discovered:
D:5:      layout_basic, ebering_ghost_rock_garden, minmay_misc_feat_tiny,
          uniq_prince_ribbit1, uniq_grinder, uniq_ijyb

Skill      XL: |  1 |
---------------+----+-----
Axes           | 2 |  2.0
Fighting       | |  3.2
Dodging        | |  1.5
Stealth        | |  5.4

Action                   || total
-------------------------++-------
Melee: Hand axe          ||     4
Dodge: Dodged            ||     2

Table legend:
 A = Non-vault XP
 B = Vault XP
 C = Vault XP percentage of total XP
 D = Non-vault monster count
 E = Vault monster count
 F = Vault count percentage of total count
                 A         B        C        D         E       F
            +---------+---------+-------+---------+---------+-------
      Total |       4 |       0 |   0.0 |       1 |       0 |   0.0
            +---------+---------+-------+---------+---------+-------
        D:5 |       4 |       0 |   0.0 |       1 |       0 |   0.0
            +---------+---------+-------+---------+---------+-------
